 Dungeon Crawl Stone Soup version 0.23-a0-703-gdf2d5e0dd9 (webtiles) character file.

93 Roikka the Caller (level 4, 0/35 HPs)
             Began as a Draconian Summoner on Jan 12, 2019.
             Succumbed to a kobold's poison
             ... on level 3 of the Dungeon on Jan 13, 2019.
             The game lasted 00:14:19 (2390 turns).

Roikka the Caller (Draconian Summoner)              Turns: 2390, Time: 00:14:19

Health: 0/35       AC:  5    Str: 10    XL:     4   Next: 36%
Magic:  8/8        EV: 13    Int: 16    God:
Gold:   71         SH:  0    Dex: 12    Spells: 3/9 levels left

rFire    . . .     SeeInvis .   j - +0 club
rCold    . . .     Gourm    .   (no shield)
rNeg     . . .     Faith    .   (armour unavailable)
rPois    .         Spirit   .   (helmet restricted)
rElec    .         Reflect  .   (no cloak)
rCorr    .         Harm     .   (no gloves)
MR       .....                  (no boots)
Stlth    ++........             (no amulet)
HPRegen  0.11/turn              (no ring)
MPRegen  0.11/turn              (no ring)

@: lethally poisoned (0 -> -19), berserk cooldown, slowed, very slow
A: unfitting armour, cold-blooded, AC +5
a: no special abilities


You were on level 3 of the Dungeon.
You were not hungry.

You visited 1 branch of the dungeon, and saw 3 of its levels.

You collected 71 gold pieces.

Inventory:

Hand Weapons
 j - a +0 club (weapon)
Missiles
 d - 29 stones (quivered)
 m - 4 tomahawks of returning
Jewellery
 n - an uncursed ring of ice
Scrolls
 g - 2 scrolls of remove curse
Potions
 i - a potion of lignification {unknown}
 o - a potion of mutation {unknown}
Comestibles
 a - 3 chunks of flesh
 b - 6 rations


   Skills:
 + Level 1.0 Fighting
 * Level 2.8 Dodging
 - Level 1.7 Stealth
 * Level 3.0 Spellcasting
 + Level 4.5 Summonings


You had 3 spell levels left.
You knew the following spells:

 Your Spells              Type           Power        Failure   Level  Hunger
a - Summon Small Mammal   Summ           ###.         3%          1    #......
b - Call Imp              Summ           ###.....     4%          2    ##.....
c - Call Canine Familiar  Summ           ###.....     9%          3    ###....

Your spell library contained the following spells:

 Spells                   Type           Power        Failure   Level  Hunger
 Summon Guardian Golem    Hex/Summ       #.......     22%         3    ###....
 Summon Ice Beast         Ice/Summ       #.......     58%         4    #####..
 Summon Lightning Spire   Summ/Air       #.......     58%         4    #####..


Dungeon Overview and Level Annotations

Branches:
Dungeon (3/15)

Altars:
Ashenzari
Elyvilon


Innate Abilities, Weirdness & Mutations

Your plain brown scales are hard. (AC +5)
You cannot fit into any form of body armour.
You are cold-blooded and may be slowed by cold attacks.


Message History

You feel sick.
Items here: $ )) = ††† It was a potion of berserk rage.
A red film seems to cover your vision as you go berserk!
You feel yourself moving faster!
You feel mighty!
* * * LOW HITPOINT WARNING * * *
You feel sick.
You are too berserk!
You feel a strong urge to attack something.
* * * LOW HITPOINT WARNING * * *
You feel sick.
* * * LOW HITPOINT WARNING * * *
You feel sick.
You feel your anger nearly subside.
* * * LOW HITPOINT WARNING * * *
You feel sick.
You are no longer berserk.
You are exhausted.
You feel yourself slow down.
You die...

##...###..5÷.# #
......§..########## .#
#.##.##..#......... ...
#. #.##..#.#####.##
....##.##.......####...#
#........##5....#≈≈...≈
.#...#.##.##.#####≈..♣..
.......55....# #........
##.....@#.#### #...♣._.♣
. ...#.##.#.# #........
. # # #.#.# #.#≈..♣.. .
#.#.######.#≈≈...≈
#.#.#......###...#
#<#....<÷...).....
..###............. ###
######...##### . #...#


You could see 2 friendly crimson imps.

Vanquished Creatures
  2 adders (D:2)
  An ooze (D:1)
  A dart slug (D:2)
  A leopard gecko (D:2)
  A giant cockroach (D:1)
  5 goblins
  3 hobgoblins
  3 kobolds
  5 bats
  4 frilled lizards
  8 rats
34 creatures vanquished.

Vanquished Creatures (collateral kills)
  A gnoll (D:1)
  2 adders (D:3)
  A worm (D:2)
  2 dart slugs (D:2)
  2 leopard geckos
  2 bats (D:1)
  2 giant cockroaches
  3 goblins
  3 hobgoblins
  A quokka (D:2)
  A ball python (D:1)
  A frilled lizard (D:2)
  4 kobolds
  4 rats
29 creatures vanquished.

Grand Total: 63 creatures vanquished

Notes
Turn   | Place    | Note
-------+----------+-------------------------------------------
     0 | D:1      | Roikka the Draconian Summoner began the quest for the Orb.
     0 | D:1      | Reached XP level 1. HP: 14/14 MP: 3/3
   347 | D:1      | Reached XP level 2. HP: 20/20 MP: 5/5
   351 | D:1      | Learned a level 2 spell: Call Imp
   774 | D:1      | Reached XP level 3. HP: 17/26 MP: 3/6
  1095 | D:1      | Learned a level 3 spell: Call Canine Familiar
  1738 | D:2      | Reached XP level 4. HP: 32/34 MP: 6/8
  1739 | D:2      | Upgraded the game from 0.23-a0-696-gf95311e5ea to
                  | 0.23-a0-703-gdf2d5e0dd9
  1808 | D:2      | Found a shattered altar of Ashenzari.
  2286 | D:3      | Found a white marble altar of Elyvilon.
  2373 | D:3      | Reached skill level 1 in Fighting
  2389 | D:3      | HP: 2/52 [poisoned by a kobold]
  2390 | D:3      | Succumbed to a kobold's poison

Vault maps used:
D:1:      dpeg_arrival_three_same_balls, interstate_on_off
D:2:      evilmike_ruin_ashenzari, first_ration
D:3:      elyvilon_altar_4, old_standard_altar, chequers_ecumenical_altar_grove

Skill      XL: |  1  2  3  4 |
---------------+-------------+-----
Dodging        | 2 |  2.8
Spellcasting   | 3 |  3.0
Fighting       | 1 |  1.0
Stealth        | |  1.7
Summonings     | |  4.5

Action                   |  1- 3 |  4- 6 || total
-------------------------+-------+-------++-------
Melee: Unarmed           |    35 |       ||    35
       Tailslap          |    10 |     1 ||    11
       Club              |    94 |    27 ||   121
Throw: Stone             |    15 |     6 ||    21
 Cast: Summon Small Mamm |    12 |     2 ||    14
       Call Imp          |    10 |     5 ||    15
  Use: Scroll            |       |     7 ||     7
       Potion            |       |     1 ||     1
 Stab: Sleeping          |     1 |       ||     1
       Distracted        |       |     2 ||     2
  Eat: Chunk             |     3 |     3 ||     6
Armor: Skin              |    42 |     5 ||    47
Dodge: Dodged            |   102 |    19 ||   121

Table legend:
 A = Non-vault XP
 B = Vault XP
 C = Vault XP percentage of total XP
 D = Non-vault monster count
 E = Vault monster count
 F = Vault count percentage of total count
                 A         B        C        D         E       F
            +---------+---------+-------+---------+---------+-------
      Total |     133 |       0 |   0.0 |      63 |       0 |   0.0
            +---------+---------+-------+---------+---------+-------
        D:1 |      50 |       0 |   0.0 |      30 |       0 |   0.0
        D:2 |      59 |       0 |   0.0 |      25 |       0 |   0.0
        D:3 |      24 |       0 |   0.0 |       8 |       0 |   0.0
            +---------+---------+-------+---------+---------+-------
